 Dungeon Crawl Stone Soup version 0.24.0-123-gd5b16e6ec5 (webtiles) character file.

Game seed: 18098055273578657659, levelgen mode: deterministic

683 Devam the Chiller (level 7, -6/50 HPs)
             Began as a White Draconian Ice Elementalist on Dec 27, 2019.
             Shot with an arrow by a centaur (13 damage)
             ... on level 5 of the Dungeon.
             The game lasted 00:33:17 (5734 turns).

Devam the Chiller (DrIE)                            Turns: 5734, Time: 00:33:17

Health: -6/50      AC:  6    Str: 10    XL:     7   Next: 35%
Magic:  5/20       EV: 12    Int: 21    God:
Gold:   292        SH:  0    Dex: 12    Spells: 3/12 levels left

rFire    . . .     SeeInvis .   d - +0 hunting sling
rCold    + . .     Gourm    .   (no shield)
rNeg     . . .     Faith    .   (armour unavailable)
rPois    .         Spirit   .   (helmet restricted)
rElec    .         Reflect  .   (no cloak)
rCorr    .         Harm     .   (no gloves)
MR       .....                  (no boots)
Stlth    ++........             (no amulet)
HPRegen  0.16/turn              r - +4 ring of intelligence
MPRegen  0.17/turn              l - ring of magical power

@: hasted, very quick
A: breathe frost, unfitting armour, cold resistance 1, cold-blooded, AC +6
a: Breathe Frost


You were on level 5 of the Dungeon.
You were not hungry.

You visited 2 branches of the dungeon, and saw 6 of its levels.

You collected 292 gold pieces.

Inventory:

Hand Weapons
 d - a +0 hunting sling (weapon)
 p - a +1 whip of distortion
 t - a +1 whip of freezing
Missiles
 e - 189 stones (quivered)
Jewellery
 l - a ring of magical power (right hand)
 r - a +4 ring of intelligence (left hand)
Wands
 g - a wand of random effects (20)
 s - a wand of flame (20)
Scrolls
 h - 2 scrolls of enchant armour {unknown}
 i - a scroll of immolation {unknown}
 j - 2 scrolls of magic mapping
 o - 2 scrolls of fog {unknown}
 q - a scroll of noise {unknown}
 v - a scroll of blinking {unknown}
 w - a scroll of enchant weapon {unknown}
Potions
 k - a potion of flight
 n - a potion of agility {unknown}
Comestibles
 b - 4 rations


   Skills:
 + Level 3.2 Slings
 - Level 1.7 Dodging
 - Level 1.7 Stealth
 - Level 3.0 Spellcasting
 - Level 1.0 Conjurations
 + Level 2.6 Hexes
 - Level 2.0 Charms
 - Level 7.2 Ice Magic


You had 3 spell levels left.
You knew the following spells:

 Your Spells              Type           Power        Failure   Level  Hunger
a - Freeze                Ice            ####         1%          1    None
b - Throw Frost           Conj/Ice       ###...       3%          2    ##.....
c - Ozocubu's Armour      Chrm/Ice       ###.....     6%          3    ###....
d - Tukima's Dance        Hex            ##......     14%         3    ###....

Your spell library contained the following spells:

 Spells                   Type           Power        Failure   Level  Hunger
 Ensorcelled Hibernation  Hex/Ice        ###...       2%          2    ##.....
 Corona                   Hex            ##.....      4%          1    None
 Confuse                  Hex            ##......     14%         3    ###....
 Dazzling Spray           Conj/Hex       ##....       19%         3    ###....
 Throw Icicle             Conj/Ice       ###.....     24%         4    ####...
 Summon Ice Beast         Ice/Summ       ###.....     30%         4    ####...


Dungeon Overview and Level Annotations

Branches:
Dungeon (5/15)             Temple (1/1) D:5

Altars:
Ashenzari
Cheibriados
Dithmenos
Elyvilon
Fedhas
Gozag
Hepliaklqana
Kikubaaqudgha
Makhleb
Nemelex Xobeh
Okawaru
Qazlal
Ru
Trog
Uskayaw
Vehumet
Wu Jian
Xom
Yredelemnul
Zin
The Shining One

Annotations:
D:3 Grinder, Sigmund
D:5 Pikel


Innate Abilities, Weirdness & Mutations

You can breathe waves of freezing cold.
You can buffet flying creatures when you breathe cold.
Your icy white scales are hard. (AC +6)
You cannot fit into any form of body armour.
Your flesh is cold resistant. (rC+)
You are cold-blooded and may be slowed by cold attacks.


Message History

* * * LOW HITPOINT WARNING * * *
Something hits your +1 flail of distortion.
You feel yourself speed up.
Something hits your +1 flail of distortion.
The bullfrog barely misses you. The bullfrog closely misses you.
Casting: Tukima's Dance (safe; 14% risk of failure)
Confirm with . or Enter, or press ? or * to list all spells.
Aiming: Freeze (safe; 1% risk of failure)
Press: ? - help, Shift-Dir - straight line, f - bullfrog
Aim: a bullfrog You freeze the bullfrog.
The bullfrog is lightly wounded.
The bullfrog seems to slow down.
You feel a bit more experienced.
You open the door.
There is an open door here.
The bullfrog is no longer moving slowly.
There is a stone staircase leading up here.
The centaur wields a +0 shortbow.
The centaur shoots an arrow.
The arrow hits you!
You die...

,,.....,,.......)...........'...*
,*#####.,...................#.##*
,,,,,,.....#.....##..#).....#,#**
,,,,,*#....#.....'#..#......#,,,*
*,,,,##...,#.....###.#......#,*,*
*.,,,.....,#......##.#.#....#,,,,
*.,,*......#.............####*,,,
##.,,......#......##..#...# **,,
...****#...'....@.'.......# *,,,
...#########c.....##..#[..# **,,
...pKp...p.'.F............# **,
.....#######......###.....# **
......p..# #......# ##.#.## *,
....p....# ######## #....# **,
...c.....# #..).# *,*
....############# #....# **+*
....'pc.).(.((..######.#.## *,,,


You could see a slave, a bullfrog and a centaur.

Vanquished Creatures
  Duvessa (D:5)
  A slave (D:5)
  An ogre (D:4)
  Dowan (D:5)
  A howler monkey (D:5)
  A hound (D:4)
  An orc wizard (D:5)
  A bullfrog skeleton (D:5)
  Terence (D:3)
  An iguana (D:5)
  2 worker ants
  A hound skeleton (D:5)
  Robin (D:3)
  7 adders
  A shadow imp (D:5)
  An ooze (D:1)
  2 worms
  3 dart slugs
  A leopard gecko (D:2)
  9 orcs
  3 ball pythons
  4 bats
  5 giant cockroaches
  24 goblins
  8 hobgoblins
  3 jackals (D:3)
  4 kobolds (D:2)
  A quokka (D:5)
  6 frilled lizards
  A leopard gecko skeleton (D:5)
  12 rats
109 creatures vanquished.

Vanquished Creatures (collateral kills)
  An orc priest (D:5)
1 creature vanquished.

Grand Total: 110 creatures vanquished

Notes
Turn   | Place    | Note
-------+----------+-------------------------------------------
     0 | D:1      | Devam the Draconian Ice Elementalist began the quest for
                  | the Orb.
     0 | D:1      | Reached XP level 1. HP: 14/14 MP: 3/3
   215 | D:1      | Reached XP level 2. HP: 9/20 MP: 0/5
   522 | D:1      | Reached skill level 4 in Ice Magic
   656 | D:1      | Reached XP level 3. HP: 26/26 MP: 4/6
   959 | D:1      | Learned a level 2 spell: Throw Frost
   963 | D:1      | Learned a level 3 spell: Ozocubu's Armour
  1383 | D:2      | Reached skill level 1 in Charms
  1592 | D:2      | Reached XP level 4. HP: 33/33 MP: 5/7
  2003 | D:3      | Noticed Sigmund
  2229 | D:3      | Noticed Grinder
  2352 | D:3      | Reached skill level 5 in Ice Magic
  2771 | D:3      | Reached XP level 5. HP: 19/38 MP: 8/8
  2921 | D:3      | Noticed Terence
  2925 | D:3      | Killed Terence
  3082 | D:3      | Noticed Robin
  3129 | D:3      | Killed Robin
  3569 | D:4      | Found a stormy altar of Qazlal.
  3572 | D:4      | Noticed a fire elemental
  3572 | D:4      | Noticed an air elemental
  3572 | D:4      | Noticed a water elemental
  3649 | D:4      | Reached skill level 6 in Ice Magic
  3964 | D:4      | Noticed an ogre
  4395 | D:4      | Killed an ogre
  4395 | D:4      | Reached skill level 1 in Slings
  4395 | D:4      | Reached XP level 6. HP: 45/45 MP: 3/9
  4451 | D:4      | Learned a level 3 spell: Tukima's Dance
  4464 | D:4      | Found a sparkling altar of Nemelex Xobeh.
  4467 | D:4      | Found a blossoming altar of Fedhas.
  4470 | D:4      | Found a radiant altar of Vehumet.
  4488 | D:4      | Found a white marble altar of Elyvilon.
  4562 | D:5      | Entered Level 5 of the Dungeon
  4777 | D:5      | Reached skill level 1 in Hexes
  4895 | D:5      | Found a staircase to the Ecumenical Temple.
  4907 | Temple   | Entered the Ecumenical Temple
  5169 | D:5      | Found a bloodstained altar of Trog.
  5169 | D:5      | Noticed Duvessa
  5169 | D:5      | Noticed Dowan
  5217 | D:5      | Killed Duvessa
  5217 | D:5      | Your scales start taking on an icy white colour.
  5217 | D:5      | Reached skill level 7 in Ice Magic
  5217 | D:5      | Reached XP level 7. HP: 50/50 MP: 2/11
  5217 | D:5      | Gained mutation: Your flesh is cold resistant. (rC+) [White
                  | Draconian growth]
  5239 | D:5      | Killed Dowan
  5680 | D:5      | Noticed Pikel
  5734 | D:5      | Shot with an arrow by a centaur

Levels and vault maps discovered:
D:1:      co_arrival_random_square_maze, layout_basic
D:2:      layout_loops_ring
D:3:      kennysheep_goblin_castle, layout_loops_ring, uniq_sigmund,
          uniq_terence, uniq_grinder
D:4:      layout_basic, grunt_temple_overflow_cloverleaf,
          nicolae_qazlal_style_of_elements
D:5:      layout_basic, minmay_temple_entry_mist, first_ration, basic_altar,
          uniq_crazy_yiuf_cottage, uniq_pikel, uniq_duvessa
Temple:   minmay_temple_bridge_d

Skill      XL: |  1  2  3  4  5  6  7 |
---------------+----------------------+-----
Ice Magic      | 4 5 6 7 |  7.2
Charms         | 1 2 |  2.0
Slings         | 1 2 3 |  3.2
Hexes          | 1 2 |  2.6
Spellcasting   | 3 |  3.0
Dodging        | |  1.7
Stealth        | |  1.7
Conjurations   | |  1.0

Action                   |  1- 3 |  4- 6 |  7- 9 || total
-------------------------+-------+-------+-------++-------
Melee: Unarmed           |    12 |       |       ||    12
       Tailslap          |     1 |     3 |       ||     4
       Whip              |       |     7 |       ||     7
 Fire: Hunting sling     |    73 |   163 |    24 ||   260
 Cast: Freeze            |    32 |    84 |    13 ||   129
       Throw Frost       |       |     6 |     7 ||    13
       Ozocubu's Armour  |       |     4 |       ||     4
       Tukima's Dance    |       |       |     3 ||     3
Evoke: Wand              |       |     4 |       ||     4
  Use: Scroll            |       |     9 |     1 ||    10
       Potion            |       |     6 |     1 ||     7
 Stab: Sleeping          |     1 |       |       ||     1
  Eat: Chunk             |     2 |    13 |     2 ||    17
Armor: Skin              |    10 |    37 |     7 ||    54
Dodge: Dodged            |    23 |    83 |     7 ||   113
